Map: Frozen Temple

Players

Saganer

  • Race: Protoss Protoss
  • League: Master

FLORENCIO - Winner!

  • Race: Protoss Protoss
  • League: Master

VOD

Have the link to the VOD?

Description

Time

  • Played on: May 22, 2016, 4:35 p.m.
  • Length: 13:52
Show
View Real Time Build Order
Export as new Build Order

Saganer Protoss 

Build Orders:  

Get SALT Encoding   

  12  0:01  Probe (Chrono Boost)  
  13  0:11  Probe (Chrono Boost)  
  14  0:20  Pylon  
  14  0:22  Probe (Chrono Boost)  
  15  0:38  Gateway, Probe (Chrono Boost)  
  16  0:44  Assimilator  
  16  0:49  Probe (Chrono Boost)  
  17  0:59  Probe (Chrono Boost)  
  18  1:09  Assimilator  
  18  1:10  Probe (Chrono Boost)  
  19  1:14  Gateway  
  19  1:21  Probe (Chrono Boost)  
  20  1:35  Zealot (Chrono Boost)  
  22  1:45  Cybernetics Core  
  22  2:10  Pylon  
  22  2:18  Zealot (Chrono Boost)  
  19  2:31  Mothership Core  
  13  3:10  Zealot (Chrono Boost)  
  14  3:33  Pylon  
  12  3:53  Probe (Chrono Boost)  
  11  4:05  Probe (Chrono Boost)  
  12  4:12  Warp Gate  
  12  4:16  Probe (Chrono Boost)  
  13  4:27  Probe (Chrono Boost)  
  14  4:37  Probe (Chrono Boost)  
  15  4:48  Probe (Chrono Boost)  
  16  4:55  Robotics Facility  
  16  5:02  Probe (Chrono Boost)  
  17  5:13  Probe (Chrono Boost)  
  18  5:23  Probe (Chrono Boost)  
  19  5:34  Probe (Chrono Boost)  
  24  5:42  Immortal (Chrono Boost)  
  24  5:44  Probe (Chrono Boost)  
  25  5:55  Probe (Chrono Boost)  
  26  6:05  Probe (Chrono Boost)  
  27  6:21  Immortal (Chrono Boost)  
  27  6:22  Probe  
  32  6:30  Pylon  
  32  6:34  Probe  
  33  6:42  Pylon  
  33  6:52  Probe  
  34  6:55  Warp Prism (Chrono Boost)  
  36  7:04  Probe  
  37  7:19  Nexus  
  37  7:26  Observer (Chrono Boost), Probe  
  39  7:38  Probe  
  40  7:50  Probe  
  41  7:58  Immortal (Chrono Boost)  
  45  8:03  Probe  
  46  8:15  Probe  
  47  8:23  Pylon  
  47  8:24  Pylon  
  47  8:27  Probe  
  47  8:31  Twilight Council  
  47  8:33  Probe  
  47  8:34  Pylon  
  48  8:39  Probe  
  50  8:44  Probe  
  51  8:51  Probe  
  51  8:52  Zealot x2  
  51  8:55  Probe  
  57  9:03  Probe  
  57  9:08  Probe  
  51  9:13  Blink (Chrono Boost)  
  51  9:15  Probe  
  52  9:17  Gateway  
  52  9:18  Gateway  
  52  9:20  Probe  
  52  9:22  Gateway  
  53  9:27  Probe  
  53  9:31  Probe  
  55  9:39  Probe  
  55  9:40  Stalker x2  
  60  9:48  Pylon  
  54  10:00  Probe  
  54  10:04  Gateway  
  54  10:06  Gateway  
  55  10:12  Gateway  
  51  10:16  Stalker x2  
  51  10:17  Probe  
  51  10:19  Probe  
  52  10:28  Probe  
  52  10:31  Probe  
  54  10:41  Probe  
  55  10:46  Probe  
  56  10:54  Stalker x3  
  62  10:58  Stalker  
  64  11:04  Probe  
  65  11:19  Stalker  
  65  11:20  Stalker x2  
  71  11:30  Probe  
  72  11:37  Probe  
  73  11:40  Forge  
  73  11:46  Stalker x3  
  79  11:49  Probe  
  80  12:03  Stalker x3  
  86  12:13  Protoss Ground Weapons Level 1 (Chrono Boost)  
  86  12:22  Stalker x3  
  92  12:25  Probe  
  93  12:58  Stalker x4  
  91  13:15  Stalker x4  
Show
View Real Time Build Order
Export as new Build Order

FLORENCIO Protoss - Winner!

Build Orders: Cannon Rush 

Get SALT Encoding   

  12  0:01  Probe (Chrono Boost)  
  13  0:11  Probe (Chrono Boost)  
  14  0:22  Pylon, Probe (Chrono Boost)  
  15  0:41  Probe (Chrono Boost)  
  16  0:44  Forge  
  16  0:51  Probe (Chrono Boost)  
  17  1:02  Probe (Chrono Boost)  
  18  1:15  Probe (Chrono Boost)  
  19  1:19  Pylon  
  19  1:28  Pylon  
  19  1:29  Pylon  
  19  1:31  Pylon  
  19  1:32  Pylon  
  19  1:36  Pylon  
  19  1:47  Photon Cannon  
  19  1:49  Photon Cannon  
  19  1:51  Photon Cannon  
  18  1:59  Photon Cannon  
  18  2:05  Photon Cannon  
  18  2:10  Gateway  
  18  2:18  Photon Cannon  
  18  2:34  Pylon  
  18  2:36  Photon Cannon  
  18  2:37  Photon Cannon  
  18  2:40  Photon Cannon  
  18  2:47  Photon Cannon  
  18  2:48  Photon Cannon  
  18  2:55  Photon Cannon  
  18  2:57  Pylon  
  18  3:05  Photon Cannon  
  18  3:14  Photon Cannon  
  18  3:18  Photon Cannon  
  18  3:29  Photon Cannon  
  17  4:00  Probe (Chrono Boost)  
  18  4:03  Assimilator  
  18  4:09  Assimilator  
  18  4:11  Gateway  
  18  4:16  Pylon  
  18  4:28  Probe (Chrono Boost)  
  20  4:38  Photon Cannon, Probe (Chrono Boost)  
  20  4:44  Nexus  
  20  4:49  Probe (Chrono Boost)  
  21  4:59  Probe (Chrono Boost)  
  22  5:07  Cybernetics Core  
  22  5:09  Photon Cannon  
  22  5:10  Probe (Chrono Boost)  
  22  5:14  Pylon  
  23  5:20  Probe (Chrono Boost)  
  24  5:31  Probe (Chrono Boost)  
  24  5:35  Gateway  
  25  5:39  Gateway  
  25  5:43  Probe (Chrono Boost)  
  28  5:56  Mothership Core (Chrono Boost)  
  28  5:59  Stalker  
  30  6:11  Probe (Chrono Boost)  
  30  6:15  Probe (Chrono Boost)  
  32  6:22  Probe (Chrono Boost)  
  33  6:32  Probe (Chrono Boost)  
  34  6:33  Stalker x2  
  34  6:34  Stalker  
  40  6:42  Probe (Chrono Boost)  
  41  6:52  Probe (Chrono Boost)  
  42  7:02  Probe (Chrono Boost)  
  42  7:03  Stalker, Probe (Chrono Boost)  
  42  7:06  Pylon, Protoss Ground Weapons Level 1  
  46  7:09  Gateway  
  46  7:11  Stalker  
  48  7:17  Stalker  
  48  7:20  Probe (Chrono Boost)  
  51  7:27  Assimilator  
  51  7:31  Probe (Chrono Boost)  
  51  7:34  Pylon  
  52  7:41  Pylon, Probe (Chrono Boost)  
  53  7:52  Probe (Chrono Boost)  
  53  7:55  Stargate  
  53  7:56  Stargate  
  54  8:01  Pylon  
  54  8:10  Twilight Council  
  54  8:11  Pylon  
  54  8:13  Probe (Chrono Boost)  
  54  8:18  Assimilator  
  55  8:24  Probe (Chrono Boost)  
  56  8:28  Nexus  
  56  8:35  Probe (Chrono Boost)  
  56  8:39  Pylon  
  57  8:43  Oracle x2  
  57  8:45  Probe (Chrono Boost)  
  63  9:22  Zealot x4  
  65  9:30  Void Ray x2  
  73  9:34  Probe (Chrono Boost)  
  74  9:45  Probe (Chrono Boost)  
  72  10:00  Assimilator  
  72  10:01  Zealot x3  
  72  10:04  Assimilator, Charge (Chrono Boost)  
  72  10:05  Zealot  
  80  10:24  Void Ray x2  
  85  10:31  Probe  
  86  10:41  Pylon  
  86  10:42  Pylon, Probe  
  86  10:45  Pylon, Zealot x2  
  86  10:49  Zealot  
  93  10:53  Probe  
  94  10:59  Zealot  
  94  11:00  Probe  
  97  11:11  Probe  
  96  11:12  Zealot  
  99  11:21  Zealot x2  
  99  11:23  Void Ray  
  107  11:26  Zealot  
  107  11:32  Void Ray  
  113  11:57  Nexus  
  113  11:58  Pylon  
  111  12:06  Void Ray  
  115  12:15  Assimilator  
  115  12:17  Assimilator  
  115  12:31  Nexus  
  115  12:32  Pylon  
  112  13:18  Zealot x4  
Tags
 
Add a new tag
Caveats
  • Supply blocks, unpowered buildings, or Contaminate may cause inaccurate times.
  • Supply counts are checked every 10 seconds.